Map: Cyber Forest LE

Players

Namshar - Winner!

  • Race: Zerg Zerg
  • League: Grandmaster
  • Spawn Location: 5:00

Ziggy

  • Race: Terran Terran
  • League: Master
  • Spawn Location: 11:00

Event: 2019 WCS Winter Europe

VOD

Have the link to the VOD?

Description

Time

  • Played on: Feb. 9, 2019, 9:52 a.m.
  • Length: 15:33
Show
View Real Time Build Order
Export as new Build Order

Namshar Zerg - Winner!

Build Orders: Pool First, Brood Lord Corruptor 

Get SALT Encoding   

  12  0:00  Drone  
  13  0:12  Overlord  
  13  0:17  Drone  
  14  0:31  Drone x2  
  14  0:34  Drone  
  17  0:44  Spawning Pool  
  17  0:48  Drone  
  17  1:09  Hatchery  
  16  1:12  Extractor, Drone  
  16  1:17  Drone  
  17  1:20  Drone  
  18  1:30  Zergling x2  
  18  1:32  Queen  
  19  1:39  Drone  
  22  1:49  Overlord  
  22  2:08  Queen, Drone  
  23  2:11  Drone  
  23  2:15  Metabolic Boost  
  26  2:22  Drone x2  
  28  2:36  Hatchery  
  27  2:38  Drone x2  
  29  2:44  Drone x2  
  29  2:49  Overlord  
  31  2:51  Drone x2  
  33  2:59  Drone  
  33  3:05  Overlord  
  34  3:06  Drone  
  34  3:07  Queen  
  34  3:12  Drone  
  38  3:19  Drone x2  
  40  3:20  Drone  
  40  3:22  Zergling x2  
  42  3:29  Roach Warren  
  42  3:31  Queen  
  43  3:36  Drone  
  43  3:38  Drone  
  43  3:40  Zergling x2  
  46  3:43  Queen  
  46  3:47  Overlord  
  47  3:52  Zergling x8  
  51  3:59  Overlord  
  51  4:00  Drone x3  
  54  4:03  Queen  
  56  4:17  Drone x3  
  56  4:18  Drone x4  
  56  4:21  Overlord  
  63  4:24  Roach  
  63  4:29  Roach x2  
  69  4:31  Overlord x2  
  69  4:36  Drone  
  69  4:37  Drone  
  71  4:41  Drone  
  72  4:46  Spore Crawler, Extractor  
  72  4:47  Spore Crawler x2, Extractor  
  72  4:50  Drone x3  
  69  5:00  Drone  
  69  5:02  Drone x7  
  69  5:03  Overlord  
  69  5:04  Drone  
  78  5:09  Roach x2  
  78  5:14  Drone x2  
  84  5:17  Lair  
  84  5:19  Evolution Chamber  
  83  5:22  Evolution Chamber, Queen  
  83  5:25  Extractor, Drone x2  
  85  5:29  Drone x3  
  85  5:33  Drone x3  
  91  5:38  Roach x2  
  91  5:42  Roach  
  97  5:47  Extractor  
  96  5:52  Roach x2  
  93  6:03  Drone  
  93  6:04  Drone x12  
  99  6:10  Drone  
  99  6:11  Drone x2  
  104  6:14  Zerg Missile Weapons Level 1, Zerg Ground Armor Level 1  
  104  6:19  Glial Reconstitution  
  104  6:28  Infestation Pit  
  103  6:33  Hatchery  
  103  6:34  Drone  
  103  6:35  Extractor, Drone x3  
  103  6:36  Drone  
  103  6:38  Spore Crawler  
  105  6:40  Spore Crawler  
  105  6:41  Overlord  
  105  6:42  Overlord  
  104  6:48  Overlord x2  
  104  7:01  Roach x4  
  104  7:15  Queen x2  
  104  7:17  Drone x7  
  104  7:18  Drone x2  
  104  7:19  Infestor  
  111  7:24  Infestor x2  
  111  7:25  Overlord x2  
  111  7:26  Neural Parasite  
  113  7:32  Queen  
  113  7:35  Drone  
  113  7:36  Hydralisk Den  
  115  7:37  Drone  
  115  7:38  Extractor, Drone x5  
  115  7:40  Ravager x2  
  115  7:41  Ravager, Extractor  
  115  7:42  Ravager  
  123  7:47  Spore Crawler  
  123  7:49  Roach  
  123  7:50  Roach x4  
  123  7:51  Overlord, Queen  
  134  8:03  Hive  
  134  8:05  Roach x6  
  146  8:08  Overlord x2  
  146  8:11  Roach x2  
  150  8:25  Overlord x2  
  150  8:34  Hatchery  
  140  8:48  Extractor  
  138  8:50  Queen  
  138  8:51  Zerg Ground Armor Level 2, Muscular Augments, Zerg Missile Weapons Level 2  
  138  8:54  Hydralisk x8  
  152  9:13  Overlord x2  
  152  9:34  Viper x3  
  152  9:36  Viper  
  164  9:47  Queen  
  164  9:49  Drone x2  
  164  9:50  Hydralisk x4, Extractor  
  164  9:51  Hydralisk x2, Extractor  
  178  10:02  Grooved Spines  
  178  10:03  Drone x2  
  178  10:04  Drone  
  178  10:05  Spine Crawler x2  
  178  10:06  Spine Crawler  
  178  10:07  Spine Crawler  
  178  10:10  Hydralisk x8  
  182  10:22  Drone x4  
  182  10:23  Drone x9  
  182  10:26  Drone x2  
  182  10:27  Drone  
  190  10:34  Hydralisk  
  190  10:35  Hydralisk x3  
  198  10:47  Drone x2, Spine Crawler  
  198  10:48  Drone, Spine Crawler  
  198  10:49  Spine Crawler x2  
  195  10:52  Drone  
  195  10:53  Spire  
  185  11:09  Hydralisk x3  
  185  11:10  Hydralisk x8  
  184  11:14  Hydralisk x2  
  169  11:22  Drone x2  
  169  11:23  Drone  
  172  11:27  Viper x3  
  172  11:28  Viper  
  184  11:42  Roach x4  
  184  11:45  Zerg Missile Weapons Level 3  
  192  11:52  Zerg Ground Armor Level 3  
  192  12:04  Hydralisk x4  
  200  12:09  Greater Spire  
  200  12:20  Pathogen Glands  
  200  12:22  Overseer x2  
  200  12:23  Pneumatized Carapace  
  200  12:24  Overseer x2, Burrow  
  200  12:25  Overseer  
  194  12:49  Drone x2  
  194  12:50  Drone x2  
  198  12:52  Drone, Spire  
  181  13:21  Hydralisk x7  
  179  13:37  Corruptor x8  
  179  13:38  Corruptor x2  
  199  13:57  Hatchery  
  199  13:58  Hatchery  
  199  13:59  Overseer x2  
  199  14:00  Overseer  
  199  14:02  Hydralisk  
  163  14:25  Brood Lord  
  163  14:26  Brood Lord x3  
  163  14:27  Brood Lord x6  
  183  14:33  Corruptor x2  
  187  14:43  Drone x2  
  187  14:44  Drone x2  
  191  14:55  Spore Crawler x2  
  191  14:56  Spore Crawler  
  191  14:57  Spore Crawler  
Show
View Real Time Build Order
Export as new Build Order

Ziggy Terran 

Build Orders: Reaper Expand 

Get SALT Encoding   

  12  0:00  SCV  
  13  0:12  SCV  
  14  0:17  Supply Depot  
  14  0:24  SCV  
  15  0:38  SCV  
  15  0:39  Barracks  
  16  0:44  Refinery  
  16  0:50  SCV  
  17  1:02  SCV  
  18  1:15  SCV  
  19  1:26  Reaper  
  19  1:27  Orbital Command  
  20  1:39  Command Center  
  20  1:48  Supply Depot  
  20  1:52  SCV  
  21  1:58  Marine  
  22  2:04  SCV  
  22  2:06  Factory  
  23  2:11  Refinery  
  23  2:16  SCV, Marine  
  25  2:28  SCV  
  26  2:39  Barracks Reactor  
  26  2:41  SCV  
  29  2:51  Hellion  
  29  2:52  Starport  
  29  2:53  SCV  
  30  2:59  Orbital Command  
  30  3:05  SCV  
  31  3:17  SCV  
  32  3:21  Hellion  
  32  3:22  Hellion  
  32  3:24  Refinery  
  32  3:25  SCV  
  36  3:29  SCV  
  36  3:31  Fusion Core  
  37  3:37  SCV  
  38  3:41  SCV  
  38  3:43  Hellion x2, Supply Depot  
  43  3:49  SCV  
  43  3:53  SCV  
  45  3:57  Supply Depot  
  45  4:01  SCV, Supply Depot  
  46  4:05  Hellion  
  48  4:12  SCV  
  48  4:13  SCV  
  48  4:16  Hellion, Starport Tech Lab  
  50  4:25  SCV x2  
  50  4:26  Hellion  
  54  4:35  Battlecruiser  
  54  4:37  Weapon Refit  
  60  4:38  SCV  
  60  4:40  SCV  
  60  4:43  Hellion  
  64  4:49  Armory  
  64  4:50  Hellion  
  64  4:52  SCV  
  67  4:55  SCV  
  68  5:03  Supply Depot  
  68  5:05  Supply Depot  
  69  5:11  Hellion  
  70  5:17  Command Center  
  70  5:26  SCV  
  70  5:27  SCV, Factory x2  
  72  5:36  Hellion x2  
  72  5:38  SCV  
  73  6:04  Battlecruiser  
  73  6:06  SCV x2  
  73  6:11  Factory Tech Lab x2  
  69  6:12  Terran Vehicle And Ship Armor Level 1  
  65  6:18  SCV x2  
  65  6:19  Supply Depot, Refinery  
  65  6:21  Hellion x2  
  71  6:29  Cyclone x2, Supply Depot  
  71  6:32  Orbital Command  
  77  6:34  SCV x2  
  77  6:38  Mag-Field Accelerator  
  79  6:45  Hellion x2  
  79  6:46  SCV x2  
  85  6:53  Supply Depot  
  85  6:58  SCV  
  84  7:01  SCV, Cyclone  
  84  7:03  Supply Depot  
  84  7:06  Cyclone  
  84  7:07  Hellion  
  84  7:08  Hellion  
  88  7:11  SCV  
  88  7:12  Orbital Command  
  88  7:13  SCV  
  81  7:23  SCV  
  81  7:25  SCV  
  81  7:26  Factory  
  81  7:27  Factory  
  81  7:28  Factory  
  81  7:29  Hellion x2  
  86  7:35  SCV  
  90  7:37  Cyclone  
  90  7:38  SCV, Supply Depot  
  90  7:39  SCV  
  92  7:46  Refinery  
  92  7:47  SCV  
  92  7:50  SCV, Refinery  
  92  7:51  SCV  
  95  7:57  Infernal Pre-Igniter, Hellion x2  
  99  7:59  SCV  
  99  8:02  SCV  
  99  8:03  SCV, Supply Depot  
  102  8:05  Supply Depot  
  102  8:12  SCV  
  103  8:14  SCV, Siege Tank  
  103  8:15  SCV, Factory Reactor, Factory Tech Lab x2  
  108  8:20  Hellion x2  
  108  8:24  SCV  
  108  8:26  SCV  
  114  8:27  Siege Tank  
  114  8:34  Command Center  
  117  8:36  Siege Tank  
  117  8:42  Siege Tank  
  117  8:44  SCV x2  
  122  8:52  Command Center  
  122  8:54  Hellion x3  
  128  9:00  Terran Vehicle And Ship Armor Level 2  
  128  9:06  Siege Tank  
  128  9:07  Siege Tank  
  134  9:15  Siege Tank  
  137  9:20  Engineering Bay  
  137  9:22  Supply Depot  
  137  9:23  Supply Depot  
  137  9:24  Siege Tank  
  137  9:27  Hellion x2  
  138  9:35  Hellion x2  
  136  9:43  Thor  
  142  9:46  Cyclone  
  142  9:47  Cyclone  
  148  10:03  Barracks  
  148  10:04  Missile Turret x2, Barracks  
  148  10:05  Ghost Academy  
  148  10:07  Planetary Fortress  
  148  10:21  Siege Tank x2  
  148  10:24  Hellion x2  
  148  10:33  Thor  
  148  10:34  Barracks Tech Lab  
  154  10:39  Planetary Fortress  
  154  10:41  Refinery  
  154  10:42  Refinery  
  150  10:50  Hellion x4  
  143  11:06  Ghost  
  121  11:11  Siege Tank x3  
  121  11:12  Barracks Tech Lab  
  111  11:20  Hellion x4  
  119  11:28  Missile Turret x2  
  119  11:30  Ghost, Barracks Tech Lab  
  119  11:31  Missile Turret  
  119  11:32  Personal Cloaking  
  121  11:34  Ghost, Terran Vehicle Weapons Level 1  
  123  11:44  Siege Tank x2  
  123  11:46  Hellion x3  
  131  11:54  Ghost  
  131  11:58  Hellion x3  
  137  12:07  Command Center, Ghost x2  
  139  12:14  Missile Turret  
  139  12:15  Missile Turret  
  139  12:16  Siege Tank  
  139  12:20  Hellion x4  
  139  12:21  Siege Tank  
  153  12:24  Ghost  
  153  12:29  Sensor Tower  
  155  12:36  Ghost  
  157  12:38  Hellion x2  
  151  12:44  Ghost  
  149  12:53  Ghost  
  149  12:55  Hellion x4  
  149  12:57  Siege Tank x2  
  165  13:03  Siege Tank x2  
  171  13:10  Starport Reactor  
  164  13:23  Ghost x2  
  164  13:25  Hellion x3  
  146  13:34  Siege Tank x2  
  146  13:39  SCV x5  
  146  13:41  Refinery  
  156  13:50  Refinery  
  156  13:51  Planetary Fortress  
  156  13:54  Sensor Tower  
  156  13:58  Missile Turret  
  156  14:02  Ghost  
  156  14:06  Siege Tank  
  138  14:22  Siege Tank x2  
  138  14:24  Hellion x5  
  149  14:30  Missile Turret  
  151  14:32  SCV x3  
  154  14:40  SCV x2  
  158  14:46  Siege Tank  
  159  14:54  Ghost x2  
  159  14:56  Ghost  
  159  15:14  Command Center  
Tags
 
Add a new tag
Caveats
  • Supply blocks, unpowered buildings, or Contaminate may cause inaccurate times.
  • Supply counts are checked every 10 seconds.